 Dungeon Crawl Stone Soup version 0.24-a0-176-gc3651c4 (webtiles) character file.

Game seed: 4060858558517443770

458 Lanoc the Chopper (level 7, -4/58 HPs)
             Began as a Ghoul Gladiator on Mar 12, 2019.
             Was a Believer of Nemelex Xobeh.
             Slain by a centaur
             ... wielding a +0 spear
              (7 damage)
             ... on level 5 of the Dungeon.
             The game lasted 00:05:57 (2453 turns).

Lanoc the Chopper (Ghoul Gladiator)                 Turns: 2453, Time: 00:05:58

Health: -4/58      AC:  6    Str: 18    XL:     7   Next: 6%
Magic:  16/16      EV: 13    Int:  3    God:    Nemelex Xobeh [**....]
Gold:   151        SH:  0    Dex: 12    Spells: 6/6 levels left

rFire    . . .     SeeInvis .   a - +0 war axe
rCold    + . .     Gourm    .   (no shield)
rNeg     + + +     Faith    +   b - +0 leather armour
rPois    ∞         Spirit   .   c - +0 helmet
rElec    .         Reflect  .   (no cloak)
rCorr    .         Harm     .   (no gloves)
MR       .....                  r - +1 pair of boots
Stlth    +.........             p - amulet of faith
HPRegen  0.00/turn              o - ring of magical power
MPRegen  0.15/turn              (no ring)

@: rotting
A: rotting body, claws 1, carnivore, cold resistance 1, negative energy
resistance 3, inhibited regeneration, torment resistance, unbreathing
a: Draw Escape, Draw Destruction, Draw Summoning, Renounce Religion


You were on level 5 of the Dungeon.
You worshipped Nemelex Xobeh.
Nemelex Xobeh was pleased with you.
You were not hungry.

You visited 2 branches of the dungeon, and saw 6 of its levels.

You collected 151 gold pieces.

Inventory:

Hand Weapons
 a - a +0 war axe (weapon)
Missiles
 d - 3 throwing nets (quivered)
Armour
 b - a +0 leather armour (worn)
 c - a +0 helmet (worn)
 r - a +1 pair of boots (worn)
Jewellery
 o - a ring of magical power (left claw)
 p - an amulet of faith (around neck)
Scrolls
 e - 4 scrolls of remove curse {unknown}
 g - a scroll of fear {unknown}
 k - 2 scrolls of teleportation {unknown}
 l - 2 scrolls of amnesia {unknown}
 n - 2 scrolls of identify {unknown}
 q - a scroll of noise {unknown}
 t - a scroll of enchant weapon {unknown}
Potions
 h - a potion of cancellation {unknown}
 i - a potion of curing {unknown}
 j - a potion of lignification {unknown}
 m - 3 potions of resistance {unknown}
Comestibles
 f - 8 rations


   Skills:
 + Level 3.8 Fighting
 * Level 4.7 Axes
 - Level 1.7 Throwing
 + Level 2.5 Armour
 + Level 3.7 Dodging
 + Level 2.1 Invocations


You had 6 spell levels left.
You didn't know any spells.
Your spell library contained the following spells:

 Spells                   Type           Power        Failure   Level  Hunger
 Animate Skeleton         Necr           N/A          58%         1    ##.....
 Apportation              Tloc           #.....       58%         1    ##.....
 Confusing Touch          Hex            #.....       58%         1    ##.....
 Magic Dart               Conj           #...         58%         1    ##.....
 Summon Small Mammal      Summ           #...         58%         1    ##.....
 Blink                    Tloc           N/A          73%         2    ###....
 Call Imp                 Summ           #.......     73%         2    ###....
 Slow                     Hex            #.......     73%         2    ###....
 Conjure Flame            Conj/Fire      #.......     91%         3    ####...
 Mephitic Cloud           Conj/Pois/Air  #.......     91%         3    ####...


Dungeon Overview and Level Annotations

Branches:
Dungeon (5/15)             Temple (1/1) D:4

Altars:
Cheibriados
Nemelex Xobeh
The Shining One


Innate Abilities, Weirdness & Mutations

Your body is rotting away.
You thrive on raw meat.
You are immune to poison.
You have sharp fingernails.
You are carnivorous and can eat meat at any time.
Your flesh is cold resistant. (rC+)
You are immune to negative energy. (rN+++)
You do not regenerate when monsters are visible.
You are immune to unholy pain and torment.
You can survive without breathing.


Message History

The centaur hits you with a +0 spear. x2
You closely miss the centaur.
The centaur is moderately wounded.
The centaur hits you with a +0 spear.
* * * LOW HITPOINT WARNING * * *
The centaur hits you with a +0 spear!
* * * LOW HITPOINT WARNING * * *
You barely miss the centaur.
The centaur is moderately wounded.
The centaur hits you but does no damage. x2
You slash the centaur!
The centaur is heavily wounded.
The centaur hits you with a +0 spear.
* * * LOW HITPOINT WARNING * * *
The centaur hits you but does no damage.
You barely miss the centaur.
The centaur is heavily wounded.
The centaur barely misses you. The centaur hits you with a +0 spear!
You die...
Your body glows slightly and disappears.

#.#
####.####.#
## #.# #.#
#.# #. #.#
#.# #.# #.
#.# #.# #.#
#. #.#
#.####.###.
#.###
#..........
#...#
###.######.
###.# #.#
#. #@# #.#
#. #c# #.#
## #.. ..#
.... ..#
..##. ..#
..## ..
#..# .# .#
## #


You could see a centaur.

Vanquished Creatures
  A water moccasin (D:5)
  2 crimson imps
  A jelly (D:5)
  An orc wizard (D:5)
  2 orc priests (D:5)
  Jessica (D:2)
  A worker ant zombie (D:5)
  6 adders
  A shadow imp (D:5)
  3 worms (D:3)
  2 leopard geckos
  6 orcs
  A giant cockroach (D:4)
  2 goblins (D:2)
  3 hobgoblins
  7 jackals
  A quokka (D:3)
  10 bats
  6 frilled lizards
  A jackal zombie (D:4)
  3 kobolds
  A quokka skeleton (D:4)
  3 rats
65 creatures vanquished.

Notes
Turn   | Place    | Note
-------+----------+-------------------------------------------
     0 | D:1      | Lanoc the Ghoul Gladiator began the quest for the Orb.
     0 | D:1      | Reached XP level 1. HP: 17/17 MP: 0/0
   100 | D:1      | Reached XP level 2. HP: 23/25 MP: 1/1
   121 | D:1      | You fall through a shaft!
   129 | D:2      | Reached skill level 3 in Axes
   172 | D:2      | Found a glowing golden altar of the Shining One.
   203 | D:2      | Reached XP level 3. HP: 30/30 MP: 2/2
   245 | D:2      | Reached skill level 1 in Armour
   287 | D:2      | Found a sparkling altar of Nemelex Xobeh.
   332 | D:2      | Noticed Jessica
   345 | D:2      | Killed Jessica
   345 | D:2      | Reached XP level 4. HP: 25/37 MP: 3/3
   413 | D:2      | Found a snail-covered altar of Cheibriados.
   641 | D:3      | Found a faded altar of an unknown god.
   669 | D:3      | Became a worshipper of Nemelex Xobeh the Trickster
   669 | D:3      | Received a gift from Nemelex Xobeh
   669 | D:3      | Reached * piety under Nemelex Xobeh
   669 | D:3      | Received a gift from Nemelex Xobeh
  1047 | D:3      | Reached XP level 5. HP: 27/44 MP: 4/4
  1429 | D:4      | Received a gift from Nemelex Xobeh
  1434 | D:4      | Found a staircase to the Ecumenical Temple.
  1451 | D:4      | Reached ** piety under Nemelex Xobeh
  1491 | Temple   | Entered the Ecumenical Temple
  1500 | D:4      | Reached skill level 4 in Axes
  2041 | D:5      | Entered Level 5 of the Dungeon
  2049 | D:5      | Reached skill level 1 in Invocations
  2052 | D:5      | Reached XP level 6. HP: 30/51 MP: 5/5
  2222 | D:5      | Noticed a sky beast
  2249 | D:5      | Noticed a water moccasin
  2251 | D:5      | Killed a water moccasin
  2344 | D:5      | Reached XP level 7. HP: 21/58 MP: 7/7
  2453 | D:5      | Slain by a centaur

Levels and vault maps discovered:
D:1:      scummos_arrival_hexagon, layout_rooms
D:2:      layout_rooms, tso_altar, cheibriados_altar_1,
          nemelex_spade_bored_becter, uniq_jessica
D:3:      layout_loops_ring, chequers_ecumenical_altar_island,
          kennysheep_generic_room_15, uniq_terence
D:4:      layout_cave_pods, minmay_temple_entry_stoned_glass, first_ration,
          patterned_corridor
D:5:      layout_loops_ring, minivault_19, sigmund_edmund_badplayer
Temple:   nicolae_temple_figure_eight

Skill      XL: |  1  2  3  4  5  6 |
---------------+-------------------+-----
Axes           | 3 4 |  4.7
Dodging        | 3 |  3.7
Armour         | 1 2 |  2.5
Fighting       | 3 |  3.8
Invocations    | 1 2 |  2.1
Throwing       | |  1.7

Action                   |  1- 3 |  4- 6 |  7- 9 || total
-------------------------+-------+-------+-------++-------
Melee: War axe           |    71 |   214 |     9 ||   294
 Abil: Draw Destruction  |       |     3 |       ||     3
  Eat: Chunk             |     7 |    23 |     4 ||    34
Armor: Leather armour    |    39 |    68 |     5 ||   112
Dodge: Dodged            |    81 |   164 |     7 ||   252

Table legend:
 A = Non-vault XP
 B = Vault XP
 C = Vault XP percentage of total XP
 D = Non-vault monster count
 E = Vault monster count
 F = Vault count percentage of total count
                 A         B        C        D         E       F
            +---------+---------+-------+---------+---------+-------
      Total |     618 |      37 |   5.6 |      64 |       1 |   1.5
            +---------+---------+-------+---------+---------+-------
        D:1 |      11 |       0 |   0.0 |       7 |       0 |   0.0
        D:2 |      60 |      37 |  38.1 |      14 |       1 |   6.7
        D:3 |     101 |       0 |   0.0 |      20 |       0 |   0.0
        D:4 |      28 |       0 |   0.0 |       9 |       0 |   0.0
        D:5 |     418 |       0 |   0.0 |      14 |       0 |   0.0
            +---------+---------+-------+---------+---------+-------
